 Dungeon Crawl Stone Soup version 0.18.1-8-gdd0e5ea (webtiles) character file.

48 GeneralIdiocy the Skirmisher (level 3, -2/29 HPs)
             Began as a Demonspawn Gladiator on June 6, 2016.
             Slain by Crazy Yiuf
             ... wielding a +4 quarterstaff of chaos
              (15 damage)
             ... on level 2 of the Dungeon.
             The game lasted 00:01:40 (1301 turns).

GeneralIdiocy the Skirmisher (Demonspawn Gladiator) Turns: 1301, Time: 00:01:40

Health: -2/29      AC:  4    Str: 15    XL:     3   Next: 50%
Magic:  3/3        EV: 16    Int: 10    God:
Gold:   29         SH:  0    Dex: 13    Spells: 0 memorised, 2 levels left

rFire  . . .     SeeInvis .     a - +0 long sword
rCold  . . .     Gourm    .     b - +0 leather armour
rNeg   . . .     Faith    .     (no shield)
rPois  .         Spirit   .     (helmet restricted)
rElec  .         Dismiss  .     (no cloak)
rCorr  .         Reflect  .     (no gloves)
SustAt .         Harm     .     (no boots)
MR     .....                    (no amulet)
Stlth  +.........               (no ring)
                                h - +4 ring of evasion

@: not resistant to hostile enchantments, very unstealthy
A: horns 1, molten scales 1
a: no special abilities


You were on level 2 of the Dungeon.
You were very hungry.

You visited 1 branch of the dungeon, and saw 2 of its levels.

You collected 29 gold pieces.

Inventory:

Hand Weapons
 a - a +0 long sword (weapon)
Missiles
 d - 2 throwing nets (quivered)
Armour
 b - a +0 leather armour (worn)
 c - a +0 helmet
Jewellery
 h - a +4 ring of evasion (left hand)
 o - an uncursed ring of stealth {unknown}
Scrolls
 e - a scroll of remove curse {unknown}
 m - a scroll of identify {unknown}
Potions
 j - a potion of heal wounds {unknown}
 k - a potion of brilliance {unknown}
 n - 2 potions of agility {unknown}
Comestibles
 f - a bread ration
 g - 3 fruits
 i - a meat ration
 l - a slice of pizza


   Skills:
 * Level 3.4 Fighting
 - Level 2.6 Long Blades
 - Level 1.7 Throwing
 + Level 1.4 Armour
 - Level 2.6 Dodging


You had 2 spell levels left.
You didn't know any spells.

Dungeon Overview and Level Annotations

Branches:
Dungeon (2/15)

Altars:

Annotations:
D:2 Crazy Yiuf


Innate Abilities, Weirdness & Mutations

You have a pair of small horns on your head.
You are partially covered in molten scales (AC +1).


Message History

Crazy Yiuf hits you with a quarterstaff of chaos!
You convulse!
Throwing (i - inventory):
d - 3 throwing nets (quivered)
Press: ? - help, Shift-Dir - straight line, f - Crazy Yiuf
Aim: Crazy Yiuf, wielding a quarterstaff of chaos and wearing a cloak (berserk, fast, unusually strong)
You throw a throwing net. The throwing net hits Crazy Yiuf.
Crazy Yiuf is caught in the net!
Crazy Yiuf struggles against the net.
The helpless Crazy Yiuf fails to defend himself.
You hit Crazy Yiuf.
Crazy Yiuf is lightly wounded.
Crazy Yiuf struggles against the net. x2
The net rips apart, and Crazy Yiuf comes free!
You slash Crazy Yiuf!
Crazy Yiuf is moderately wounded.
Crazy Yiuf misses you. Crazy Yiuf barely misses you.
You slash Crazy Yiuf! You headbutt Crazy Yiuf.
Crazy Yiuf is almost dead.
Crazy Yiuf hits you with a quarterstaff of chaos!
Ouch! That really hurt!
You die...

...# #..##.#
#'#######..##.######
...........##...>..#
#....####..#####...#
#.#####.#...# ##..##
...####.#.### #....#
#.......#.### #....#
#########
............# #...##
#......>#
........#...# ##@##
#....##.#
............# #g##
#....##.#
.##.#.......# ##.#
#....##.#
###.#.#.###.# #.##
###.###.#
....#.....#.# ##.#
#.......#
.####.....#.# #.#
###.##### .#
##....#.# #...# #.#
.#####.#.##.# #...#
#.# .##....#....#
#..)# #.#


You could see Crazy Yiuf (berserk).

Vanquished Creatures
  A worm (D:2)
  A dart slug (D:1)
  3 giant geckos
  A ball python (D:1)
  8 bats
  5 giant cockroaches
  5 goblins
  3 hobgoblins
  3 kobolds (D:1)
  A quokka (D:2)
  A giant newt (D:1)
  4 rats
36 creatures vanquished.

Notes
Turn   | Place    | Note
--------------------------------------------------------------
     0 | D:1      | GeneralIdiocy the Demonspawn Gladiator began the quest for the Orb.
     0 | D:1      | Reached XP level 1. HP: 16/16 MP: 1/1
   212 | D:1      | Gained mutation: You are partially covered in molten scales (AC +1). [demonic ancestry]
   212 | D:1      | Reached XP level 2. HP: 16/23 MP: 2/2
   436 | D:1      | Reached skill level 1 in Armour
   690 | D:1      | Reached skill level 3 in Fighting
   995 | D:2      | Gained mutation: You have a pair of small horns on your head. [demonic ancestry]
   995 | D:2      | Reached XP level 3. HP: 26/29 MP: 3/3
  1289 | D:2      | Noticed Crazy Yiuf
  1301 | D:2      | Slain by Crazy Yiuf

Skill      XL: |  1  2 |
---------------+-------+-----
Armour         | 1 |  1.4
Fighting       | 3 |  3.4
Long Blades    | |  2.6
Throwing       | |  1.7
Dodging        | |  2.6

Action                   || total
-------------------------++-------
Melee: Long sword        ||   102
       Headbutt          ||     4
Throw: Throwing net      ||     1
 Stab: Held in net/web   ||     1
Armor: Leather armour    ||    36
Dodge: Dodged            ||   102
